 Dungeon Crawl Stone Soup version 0.30-a0-738-g116ff8c4af (webtiles) character file.

Game seed: 466781680378948395

484 Leeroy the Slasher (level 7, -4/34 HPs)
             Began as a Vine Stalker Warper on Feb 3, 2023.
             Killed from afar by an orc wizard (9 damage)
             ... with a magic dart
             ... on level 5 of the Dungeon.
             The game lasted 00:06:45 (3021 turns).

Leeroy the Slasher (Vine Stalker Warper)            Turns: 3021, Time: 00:06:46

Health: -4/34      AC:  4    Str: 19    XL:     7   Next: 12%
Magic:  0/11       EV: 12    Int: 13    God:
Gold:   50         SH:  0    Dex: 16    Spells: 10/10 levels left

rFire   x . .      SeeInvis .    a - +0 falchion
rCold   + . .      Faith    .    (no shield)
rNeg    . . .      Spirit   +    b - +0 leather armour
rPois   .          Reflect  .    (no helmet)
rElec   .          Harm     .    (no cloak)
rCorr   .          Rampage  .    (no gloves)
Will    .....                    j - +0 pair of boots
Stlth   +                        (no amulet)
HPRegen 1.05/turn                t - +6 ring of strength
MPRegen 0.12/turn                p - ring of ice

@: studying Short Blades
A: fangs 2, regeneration 1, magic shield, antimagic bite, no potion heal 2
a: no special abilities


You were on level 5 of the Dungeon.
You visited 1 branch of the dungeon, and saw 5 of its levels.

You collected 164 gold pieces.
You spent 114 gold pieces at shops.

Inventory:

Hand Weapons
 a - a +0 falchion (weapon)
Missiles
 d - 7 boomerangs of dispersal (quivered)
Armour
 b - a +0 leather armour (worn)
 j - a +0 pair of boots (worn)
Jewellery
 p - a ring of ice (right hand)
 t - a +6 ring of strength (left hand)
 A - a ring of fire
Wands
 r - a wand of flame (28)
Scrolls
 c - 2 scrolls of blinking
 f - 3 scrolls of magic mapping
 h - a scroll of summoning {unknown}
 l - a scroll of enchant armour
 m - 2 scrolls of silence
 q - 3 scrolls of poison
 v - 3 scrolls of enchant weapon
 w - 3 scrolls of fog
 y - a scroll of acquirement {unknown}
 z - a scroll of amnesia {unknown}
 C - a scroll of identify
 D - a scroll of vulnerability {unknown}
Potions
 e - 3 potions of degeneration {unknown}
 g - 2 potions of attraction {unknown}
 i - a potion of berserk rage {unknown}
 k - 4 potions of lignification {unknown}
 n - a potion of magic {unknown}
 o - a potion of haste {unknown}
 s - a potion of brilliance {unknown}
 u - a potion of flight {unknown}
 x - 2 potions of mutation {unknown}
 B - 2 potions of curing {unknown}
 E - a potion of cancellation {unknown}


   Skills:
 - Level 1.7 Fighting
 + Level 6.9 Long Blades
 - Level 0.8 Throwing
 - Level 0.7 Armour
 - Level 1.5 Dodging
 - Level 2.1 Spellcasting
 - Level 3.0 Translocations


You had 10 spell levels left.
You didn't know any spells.
Your spell library contained the following spells:

 Spells                   Type           Power      Damage    Failure   Level
 Blink                    Tloc           18%        N/A       13%         2
 Lesser Beckoning         Tloc           18%        N/A       13%         2
 Teleport Other           Tloc           9%         N/A       26%         3
 Static Discharge         Conj/Air       2%         2-3/arc   41%         2
 Vhi's Electric Charge    Tloc/Air       10%        N/A       43%         3
 Manifold Assault         Tloc           9%         N/A       65%         4
 Arcjolt                  Conj/Air       0%         1d10      100%        5
 Lightning Bolt           Conj/Air       0%         1d11      100%        5


Dungeon Overview and Level Annotations

Branches:
Dungeon (5/15)
 Temple: D:4-7

Altars:
Uskayaw

Shops:
D:3 ?


Innate Abilities, Weirdness & Mutations

You have extremely sharp teeth.
Your natural rate of healing is unusually fast.
When hurt, damage is shared between your health and your magic reserves.
Your bite disrupts and absorbs the magic of your enemies.
Potions cannot restore your health.


Message History

The orc wizard hits you with a +0 dagger.
The orc priest hits you with a +0 dagger.
You hit the orc wizard.
The orc wizard is moderately wounded.
The orc priest hits you with a +0 hand axe.
The orc wizard hits you but does no damage.
The orc priest calls upon Beogh to heal the orc wizard.
The orc wizard's wounds heal themselves!
You hit the orc priest. Your bite misses the orc priest.
The orc priest is moderately wounded.
The orc priest hits you with a +0 hand axe.
The orc wizard closely misses you.
The orc priest miscasts a cantrip.
You slash the orc priest!
The orc priest is severely wounded.
The orc priest hits you with a +0 hand axe.
* * * LOW HITPOINT WARNING * * *
The black bear completely misses you. The black bear barely misses you.
The black bear closely misses you. The orc wizard barely misses you.
The orc priest hits you with a +0 dagger.
* * * LOW HITPOINT WARNING * * *
You closely miss the orc priest.
The orc priest is severely wounded.
The orc priest miscasts a cantrip.
The black bear barely misses you.
The black bear claws you but does no damage.
The black bear claws you.
* * * LOW HITPOINT WARNING * * *
The orc wizard hits you but does no damage.
The orc priest hits you but does no damage.
You hit the orc priest but do no damage.
Your bite misses the orc priest.
The orc priest is severely wounded.
The orc priest hits you with a +0 hand axe.
* * * LOW HITPOINT WARNING * * *
The black bear closely misses you. The black bear barely misses you.
The black bear claws you but does no damage.
The orc wizard points at you and mumbles some strange words.
The magic dart hits you!
You die...

#.#.# #.#... ..#.#.#
#.#### #.#.#...# #.#...
#.#.# #.# #.#.## #.#.#
#.# #.# # #.#.# #.# #.#
# .#.######.#.###.# #.#
##
......o)..#.....###.#.#
.....[o@.............>#
......ho............#.#
#####################.#
. .# #


You could see a black bear, 2 orc priests and an orc wizard.

Vanquished Creatures
  A scorpion (D:3)
  A necrophage (D:4)
  2 orc priests
  2 hounds (D:4)
  Jessica (D:3)
  An orc wizard (D:3)
  7 adders
  2 worms
  3 dart slugs
  17 orcs
  8 ball pythons
  7 bats
  8 endoplasms
  5 giant cockroaches
  6 goblins
  12 hobgoblins
  2 jackals (D:4)
  A quokka (D:1)
  5 frilled lizards
  3 kobolds
  11 rats
105 creatures vanquished.

Notes
Turn   | Place    | Note
-------+----------+-------------------------------------------
     0 | D:1      | Leeroy the Vine Stalker Warper began the quest for the Orb.
     0 | D:1      | Reached XP level 1. HP: 11/11 MP: 4/4
    66 | D:1      | Reached skill level 2 in Long Blades
    73 | D:1      | Reached XP level 2. HP: 11/15 MP: 3/6
   788 | D:2      | Reached skill level 3 in Long Blades
   801 | D:2      | Reached XP level 3. HP: 18/18 MP: 7/7
   951 | D:2      | Found a hide-covered altar of Uskayaw.
  1109 | D:2      | Gained mutation: Your natural rate of healing is unusually
                  | fast. [Vine Stalker growth]
  1109 | D:2      | Reached XP level 4. HP: 13/23 MP: 5/8
  1592 | D:3      | Reached skill level 4 in Long Blades
  1602 | D:3      | Noticed a scorpion
  1626 | D:3      | Killed a scorpion
  1627 | D:3      | Reached XP level 5. HP: 13/26 MP: 7/9
  1676 | D:3      | Reached skill level 5 in Long Blades
  1943 | D:3      | Noticed Jessica
  1950 | D:3      | Killed Jessica
  1954 | D:3      | Reached XP level 6. HP: 25/30 MP: 7/10
  2134 | D:3      | Found Tyggoem's Magic Scroll Shoppe.
  2144 | D:3      | Bought a scroll of enchant weapon for 90 gold pieces
  2144 | D:3      | Bought a scroll of identify for 24 gold pieces
  2337 | D:4      | Reached skill level 6 in Long Blades
  2495 | D:4      | Reached XP level 7. HP: 34/34 MP: 11/11
  2836 | D:5      | Entered Level 5 of the Dungeon
  3021 | D:5      | Killed from afar by an orc wizard

Illustrated notes

Levels and vault maps discovered:
D:1:      minmay_arrival_four_circles, layout_loops_ring
D:2:      layout_rooms, basic_altar, minmay_split_cup_large
D:3:      layout_loops_ring, serial_shops, nicolae_lakefront_shop,
          feat_on_display, uniq_jessica
D:4:      layout_gridville, grunt_ministairs_2, minmay_manual_mail
D:5:      minmay_clustersquares, layout_basic, dreamdust_wishing_well

Skill      XL: |  1  2  3  4  5  6 |
---------------+-------------------+-----
Long Blades    | 2 3 4 5 6 |  6.9
Fighting       | |  1.7
Throwing       | |  0.8
Armour         | |  0.7
Dodging        | |  1.5
Spellcasting   | |  2.1
Translocations | |  3.0

Action                     |  1- 3 |  4- 6 |  7- 9 || total
---------------------------+-------+-------+-------++-------
  Melee: Falchion          |   123 |   156 |    43 ||   322
         Bite              |    20 |    45 |     9 ||    74
         Punch             |     2 |     5 |     1 ||     8
    Use: Scroll            |       |     5 |       ||     5
   Stab: Sleeping          |       |     1 |       ||     1
 Armour: Leather armour    |    40 |    51 |    13 ||   104
  Dodge: Dodged            |    91 |    81 |    34 ||   206

Table legend: (Time is in decaauts)
 A = Elapsed time spent in this place.
 B = Non-inter-level travel time spent in this place.
 C = Inter-level travel time spent in this place.
 D = Time resting spent in this place.
 E = Time spent auto-exploring this place.
 F = Levels seen in this place.
 G = Mean time per level.
                   A        B        C        D        E       F      G
               +--------+--------+--------+--------+--------+-----+--------+
         Total |   3040 |   2961 |     79 |      0 |   2271 |   5 |  608.0 |
       Dungeon |   3040 |   2961 |     79 |      0 |   2271 |   5 |  608.0 |
               +--------+--------+--------+--------+--------+-----+--------+

Top non-repeatable levels by time:
     D:1: 780 daAuts
     D:3: 742 daAuts
     D:2: 699 daAuts
     D:4: 635 daAuts
     D:5: 183 daAuts
